 Dungeon Crawl Stone Soup version 0.28.0-43-g3370ac3207 (webtiles) character file.

Game seed: 7869483748842122122

16906 protoss039 the Thaumaturge (level 12, -1/70 HPs)
             Began as a Deep Elf Fire Elementalist on Mar 25, 2022.
             Was an Elder of Sif Muna.
             Killed from afar by Olga's ghost (6 damage)
             ... with a zap
             ... on level 8 of the Dungeon.
             The game lasted 00:41:04 (17278 turns).

protoss039 the Thaumaturge (DEFE)                  Turns: 17278, Time: 00:41:05

Health: -1/70      AC: 11    Str:  5    XL:     12   Next: 14%
Magic:  1/41       EV: 12    Int: 26    God:    Sif Muna [****..]
Gold:   634        SH:  8    Dex: 15    Spells: 21/39 levels left

rFire   . . .      SeeInvis .   u - +3 scimitar (flame)
rCold   . . .      Faith    .   c - +3 warlock's mirror {reflect}
rNeg    + . .      Spirit   .   r - +3 steam dragon scales
rPois   .          Reflect  +   F - +0 helmet
rElec   .          Harm     .   (no cloak)
rCorr   .          Rampage  .   e - +1 pair of gloves
Will    +....                   (no boots)
Stlth   ++........              (no amulet)
HPRegen 0.21/turn               q - ring of positive energy
MPRegen 0.27/turn               C - ring of magical power

@: about to teleport, very slightly contaminated
A: no striking features
a: Renounce Religion, Channel Magic, Forget Spell, Divine Exegesis


You were on level 8 of the Dungeon.
You worshipped Sif Muna.
Sif Muna was greatly pleased with you.
You visited 2 branches of the dungeon, and saw 13 of its levels.
You also visited: Bailey.

You collected 634 gold pieces.

Inventory:

Hand Weapons
 u - a +3 scimitar of flaming (weapon)
 H - a +2 hand axe of venom
 L - a +0 quarterstaff of freezing
Missiles
 t - a throwing net
Armour
 c - the +3 warlock's mirror (worn) {reflect}
   (You acquired it on level 3 of the Dungeon)

   It can block and reflect piercing ranged attacks and magical attacks against
   the wielder's willpower.
 e - a +1 pair of gloves (worn)
 r - +3 steam dragon scales (worn)
 F - a +0 helmet (worn)
 M - a +1 robe of cold resistance
Jewellery
 q - a ring of positive energy (left hand)
 C - a ring of magical power (right hand)
 K - a ring of ice
Wands
 d - a wand of mindburst (7)
 i - a wand of iceblast (5)
 k - a wand of polymorph (5)
 s - a wand of flame (19)
 E - a wand of charming (4)
Scrolls
 b - 3 scrolls of amnesia
 g - a scroll of identify
 h - 2 scrolls of immolation {unknown}
 j - 4 scrolls of teleportation
 m - 2 scrolls of holy word
 o - a scroll of silence {unknown}
 p - 2 scrolls of noise {unknown}
 y - 4 scrolls of enchant weapon
 A - 3 scrolls of summoning
 B - a scroll of magic mapping {unknown}
 G - a scroll of fog {unknown}
Potions
 a - 2 potions of magic
 f - a potion of curing
 l - a potion of invisibility
 n - a potion of brilliance
 v - 6 potions of heal wounds
 w - 3 potions of mutation {unknown}
 x - a potion of haste {unknown}
 z - a potion of resistance {unknown}
 D - a potion of might {unknown}
 I - a potion of cancellation {unknown}
 J - 6 potions of ambrosia


   Skills:
 * Level 6.0 Fighting
 - Level 3.0 Dodging
 - Level 3.0 Stealth
 - Level 5.0 Shields
 + Level 14.1 Spellcasting
 + Level 6.4 Conjurations
 * Level 3.4 Hexes
 * Level 1.2 Transmutations
 + Level 11.7 Fire Magic
 * Level 7.3 Invocations


You had 21 spell levels left.
You knew the following spells:

 Your Spells              Type           Power      Damage    Failure   Level
a - Foxfire               Conj/Fire      100%       2x1d9     1%          1
b - Scorch                Fire           100%       2d10      1%          2
c - Conjure Flame         Conj/Fire      60%        6-21      1%          3
d - Inner Flame           Hex/Fire       55%        N/A       1%          3
e - Flame Wave            Conj/Fire      60%        2d12      1%          4
f - Irradiate             Conj/Tmut      19%        3d19      22%         5

Your spell library contained the following spells:

 Spells                   Type           Power      Damage    Failure   Level
 Ignite Poison            Fire/Tmut/Pois 40%        N/A       1%          3
 Sticky Flame             Conj/Fire      60%        2d8       1%          4
 Blade Hands              Tmut           12%        N/A       54%         5
 Dragon Form              Tmut           12%        N/A       100%        7


Dungeon Overview and Level Annotations

Branches:
Dungeon (12/15)            Temple (1/1) D:7            Lair (0/6) D:10
    Orc (0/2) D:9          Bailey (visited)

Altars:
Ashenzari
Cheibriados
Dithmenos
Elyvilon
Fedhas
Gozag
Hepliaklqana
Kikubaaqudgha
Makhleb
Nemelex Xobeh
Okawaru
Qazlal
Ru
Sif Muna
Trog
Uskayaw
Vehumet
Wu Jian
Xom
Yredelemnul
Zin
The Shining One
Beogh

Shops:
D:9 :

Annotations:
D:3 2 transporters, mandor's ghost, amateur DECj
D:8 Olga's ghost, novice DjCj
D:11 1 exclusion
D:12 1 transporter, Azrael; Hydra2011's ghost, journeyman DsGl


Message History

Unknown command.
Unknown command.
Casting: Irradiate (quite dangerous; 22% risk of failure)
Confirm with . or Enter, or press ? or * to list all spells.
The spell is quite dangerous to miscast (22% risk of failure)!
Continue anyway?
You miscast Irradiate.
Nothing appears to happen.
You block the crimson imp's attack. Olga's ghost hits you.
Olga's ghost burns you. You block the orc warrior's attack.
Unknown command.
Unknown command.
Casting: Irradiate (quite dangerous; 22% risk of failure)
Confirm with . or Enter, or press ? or * to list all spells.
You don't have enough magic to cast this spell.
The crimson imp grinds its teeth.
You block the crimson imp's attack. You block Olga's ghost's attack.
Unknown command.
Olga's ghost hits you. Olga's ghost burns you.
Unknown command.
Casting: Irradiate (quite dangerous; 22% risk of failure)
Confirm with . or Enter, or press ? or * to list all spells.
The spell is quite dangerous to miscast (22% risk of failure)!
Continue anyway?
You erupt in a fountain of uncontrolled magic!
Olga's ghost is blasted with magical radiation.
Olga's ghost is heavily damaged.
The crimson imp is blasted with magical radiation!!!
You kill the crimson imp!
The crimson imp disappears in a puff of smoke!
Olga's ghost barely misses you.
Unknown command.
As you read the scroll of teleportation, it crumbles to dust.
You feel strangely unstable. Olga's ghost hits you!
* * * LOW HITPOINT WARNING * * *
Olga's ghost burns you.
* * * LOW HITPOINT WARNING * * *
The orc warrior hits you with a +0 flail!
* * * LOW HITPOINT WARNING * * *
Unknown command.
Olga's ghost gestures at you while chanting.
The zap hits you.
You die...

#.#≈##.###.#..........#8....o.o..
...#≈.................#......))o.
..#≈.##.......).......#######o)##
.#≈.###.[.............# ##o##
#≈#.##.)[............#### #..#
≈...........#...........# #.##
............##....o.....####.#
##.......##.##....W....).....#
#............##.@.........####
#...#............#.....)).#
#(..##..#.......###....####
#########.......# ##.###
##......# #.# ###....# ### ##.###
#.# ###


You could see an orc warrior (inner flame) and Olga's ghost.

Vanquished Creatures
  Fannar (D:12)
  A boulder beetle (D:11)
  Erica (D:8)
  3 two-headed ogres
  An orc knight (Bailey)
  A deep elf pyromancer (D:12)
  An ugly thing (D:12)
  2 cyclopes
  A manticore (D:8)
  2 unseen horrors
  An efreet (D:10)
  A troll (D:8)
  3 polar bears (D:10)
  A queen bee (D:10)
  A meliai zombie (D:11)
  A vampire (D:6)
  A shadow (D:9)
  2 wraiths (D:12)
  3 yaks (D:10)
  A fire elemental (D:11)
  3 steam dragons
  10 vampire mosquitoes
  Eustachio (D:5)
  A water moccasin (D:6)
  11 orc warriors
  A black bear (D:6)
  4 ice beasts
  4 sky beasts
  A meliai simulacrum (D:10)
  2 ogres
  4 centaurs
  2 kobold brigands
  A phantom (D:6)
  A gnoll sergeant (D:8)
  A bullfrog (D:7)
  A wyvern skeleton (D:7)
  28 killer bees
  2 electric eels
  A howler monkey (D:11)
  3 hounds
  8 centaur zombies
  8 orc priests
  A jelly (D:8)
  A bullfrog zombie (D:6)
  6 orc wizards
  3 iguanas (D:7)
  2 killer bee zombies (D:6)
  2 centaur simulacra (D:10)
  2 howler monkey zombies
  4 gnolls (D:8)
  3 adders
  A shadow imp (D:7)
  7 white imps
  2 ufetubi
  A dart slug (D:1)
  64 orcs
  5 bats (D:3)
  6 endoplasms
  4 giant cockroaches
  10 goblins
  3 hobgoblins
  2 jackals (D:1)
  6 quokkas
  7 ball pythons
  2 frilled lizards (D:1)
  8 kobolds
  3 rats
282 creatures vanquished.

Vanquished Creatures (collateral kills)
  A foxfire (D:8)
1 creature vanquished.

Vanquished Creatures (others)
  A white imp (D:10)
  892 foxfires
893 creatures vanquished.

Grand Total: 1176 creatures vanquished

Notes
Turn   | Place    | Note
-------+----------+-------------------------------------------
     0 | D:1      | protoss039 the Deep Elf Fire Elementalist began the quest
                  | for the Orb.
     0 | D:1      | Reached XP level 1. HP: 10/10 MP: 6/6
   285 | D:1      | Reached XP level 2. HP: 15/15 MP: 5/8
  1106 | D:1      | Reached XP level 3. HP: 19/19 MP: 5/9
  1377 | D:1      | Learned a level 2 spell: Scorch
  1381 | D:1      | Learned a level 3 spell: Conjure Flame
  1536 | D:2      | Found a faded altar of an unknown god.
  2293 | D:2      | Learned a level 3 spell: Inner Flame
  2299 | D:3      | Noticed an ogre
  2312 | D:3      | Killed an ogre
  2313 | D:3      | Reached skill level 4 in Spellcasting
  2313 | D:3      | Reached XP level 4. HP: 24/24 MP: 3/12
  2456 | D:3      | Identified the +7 hunting sling of Extremism {venom, Int+6}
  2844 | D:3      | Noticed an ogre
  2845 | D:3      | Found a transporter.
  2848 | D:3      | Noticed mandor's ghost (amateur DECj)
  2873 | D:3      | Noticed an ogre
  2885 | D:3      | Noticed an ogre
  2907 | D:3      | Found a transporter.
  3165 | D:3      | Identified a scroll of acquirement
  3167 | D:3      | Acquired the +3 warlock's mirror {reflect}
  3167 | D:3      | Found the +3 warlock's mirror {reflect}
  3295 | D:4      | Noticed an ogre
  3302 | D:4      | Killed an ogre
  3303 | D:4      | Reached skill level 5 in Fire Magic
  3303 | D:4      | Reached XP level 5. HP: 28/28 MP: 4/14
  3779 | D:4      | Reached skill level 5 in Spellcasting
  4021 | D:5      | Entered Level 5 of the Dungeon
  4262 | D:5      | Reached XP level 6. HP: 15/33 MP: 5/15
  4270 | D:5      | Reached skill level 1 in Fighting
  4439 | D:5      | Learned a level 4 spell: Flame Wave
  4474 | D:5      | Noticed an ice beast
  4479 | D:5      | Killed an ice beast
  4480 | D:5      | Reached skill level 1 in Shields
  4628 | D:5      | Noticed Eustachio
  4638 | D:5      | Killed Eustachio
  4639 | D:5      | Reached skill level 1 in Hexes
  4639 | D:5      | Reached XP level 7. HP: 8/38 MP: 7/17
  5172 | D:6      | Reached skill level 6 in Spellcasting
  5581 | D:6      | Reached skill level 7 in Spellcasting
  5981 | D:6      | Reached XP level 8. HP: 44/44 MP: 11/20
  6495 | D:6      | Reached skill level 8 in Spellcasting
  6610 | D:7      | Found a staircase to the Ecumenical Temple.
  6642 | Temple   | Entered the Ecumenical Temple
  6885 | Temple   | Became a worshipper of Sif Muna the Loreminder
  7185 | D:7      | Reached skill level 1 in Invocations
  7905 | D:8      | Noticed a manticore
  7909 | D:8      | Reached XP level 9. HP: 11/49 MP: 12/23
  7910 | D:8      | HP: 2/49 [gnoll sergeant/+2 vorpal spear (1)]
  7942 | D:8      | Reached skill level 9 in Spellcasting
  8128 | D:8      | Killed a manticore
  8415 | D:8      | Noticed Erica
  8425 | D:8      | Killed Erica
  8429 | D:8      | Reached * piety under Sif Muna
  8434 | D:8      | Reached skill level 10 in Spellcasting
  8463 | D:8      | Noticed a troll
  8471 | D:8      | Killed a troll
  8490 | D:8      | Noticed a two-headed ogre
  9158 | D:8      | Found a runed translucent gate.
  9158 | D:8      | Found a runed translucent gate.
  9158 | D:8      | Found a runed translucent gate.
  9162 | D:8      | Noticed Olga's ghost (novice DjCj)
  9230 | D:8      | Noticed a cyclops
  9514 | D:8      | Reached XP level 10. HP: 56/56 MP: 16/26
  9516 | D:8      | Killed a cyclops
  9687 | D:8      | Killed a two-headed ogre
  9688 | D:8      | Reached skill level 5 in Conjurations
 10061 | D:9      | HP: 2/56 [poisoned by a killer bee]
 10236 | D:9      | Reached skill level 11 in Spellcasting
 10275 | D:9      | Found a flagged portal.
 10289 | Bailey   | Entered a bailey
 10828 | Bailey   | Noticed an orc knight
 10835 | Bailey   | Reached ** piety under Sif Muna
 10855 | Bailey   | Killed an orc knight
 11065 | Bailey   | Reached skill level 5 in Invocations
 11519 | D:9      | Found a staircase to the Orcish Mines.
 11870 | D:9      | Reached skill level 5 in Shields
 12075 | D:9      | Found Higam's Book Shoppe.
 12375 | D:10     | Entered Level 10 of the Dungeon
 12375 | D:10     | Noticed a two-headed ogre
 12380 | D:10     | Killed a two-headed ogre
 12381 | D:10     | Reached skill level 10 in Fire Magic
 12389 | D:9      | Reached skill level 12 in Spellcasting
 12389 | D:9      | Reached XP level 11. HP: 20/62 MP: 24/29
 12615 | D:10     | Found a staircase to the Lair.
 12856 | D:10     | Found a bloodstained altar of Trog.
 13227 | D:10     | Reached *** piety under Sif Muna
 13249 | D:10     | Reached skill level 5 in Fighting
 15738 | D:11     | Noticed a boulder beetle
 15741 | D:11     | Reached skill level 13 in Spellcasting
 15756 | D:11     | Killed a boulder beetle
 15908 | D:11     | Noticed a two-headed ogre
 15921 | D:12     | Noticed a white ugly thing
 15994 | D:12     | Noticed a deep elf pyromancer
 16003 | D:12     | Noticed Fannar
 16019 | D:12     | Killed Fannar
 16030 | D:12     | Killed a deep elf pyromancer
 16177 | D:12     | Found a transporter.
 16191 | D:12     | Noticed an ogre mage
 16191 | D:12     | Noticed Hydra2011's ghost (journeyman DsGl)
 16251 | D:11     | Reached XP level 12. HP: 51/69 MP: 31/31
 16326 | D:11     | Learned a level 5 spell: Irradiate
 16422 | D:11     | Killed a two-headed ogre
 16423 | D:11     | Reached skill level 14 in Spellcasting
 16822 | D:12     | Reached skill level 1 in Transmutations
 16827 | D:12     | Noticed Azrael
 17240 | D:8      | Reached **** piety under Sif Muna
 17278 | D:8      | Killed from afar by Olga's ghost

Illustrated notes

Levels and vault maps discovered:
D:1:      lemuel_arrival_river_ford, layout_basic
D:2:      layout_basic, ebering_ecumenical_altar_box, kennysheep_pointless_box,
          serial_park_tiny_1
D:3:      layout_rooms, gammafunk_ghost_smash
D:4:      layout_loops_ring
D:5:      layout_basic, uniq_eustachio
D:6:      layout_basic, serial_park_tiny_2
D:7:      cheibrodos_quashed, layout_loops_ring,
          minmay_temple_entry_proselytizer
D:8:      layout_cave_pools, biasface_ghost_orc_armoury, grunt_ministairs_7,
          minmay_statues_item, chequers_serial_rivers_micro_c,
          nicolae_water_bricks, uniq_erica
D:9:      layout_basic, david_orc_2, enter_bailey_5, serial_curves,
          eino_curves_03, eino_curves_01, eino_curves_02, eino_curves_01,
          serial_shops, shop
D:10:     layout_layer_cave, mainiacjoe_overflow_catwalk, lair_entry_dummy,
          special_room [special_room_bee], serial_ice, serial_ice_m,
          serial_ice_l, serial_ice_f, serial_ice_c, serial_ice_a, serial_ice_e,
          serial_ice_b, serial_ice_d, serial_ice_g, serial_ice_o
D:11:     layout_cave_pools
D:12:     layout_irregular_city, nzn_ghost_randoct, uniq_azrael, uniq_fannar
Temple:   mainiacjoe_temple_hex_bubbles

Skill      XL: |  1  2  3  4  5  6  7  8  9 10 11 12 |
---------------+-------------------------------------+-----
Stealth        | 3 |  3.0
Fire Magic     | 4 5 6 7 8 10 11 | 11.7
Dodging        | 3 |  3.0
Spellcasting   | 4 5 7 8 10 12 13 14 | 14.1
Conjurations   | 2 3 4 5 6 |  6.4
Fighting       | 1 2 3 4 5 6 |  6.0
Shields        | 1 2 3 4 5 |  5.0
Hexes          | 1 2 3 |  3.4
Invocations    | 1 3 5 7 |  7.3
Transmutations | 1 |  1.2

Action                   |  1- 3 |  4- 6 |  7- 9 | 10-12 || total
-------------------------+-------+-------+-------+-------++-------
Melee: Dagger            |     3 |       |       |       ||     3
       Hand axe          |       |       |     1 |       ||     1
       Scimitar          |       |       |       |    25 ||    25
 Cast: Foxfire           |    73 |    67 |   119 |   279 ||   538
       Scorch            |     9 |     8 |    46 |   101 ||   164
       Inner Flame       |       |     8 |    38 |    83 ||   129
       Conjure Flame     |       |       |     1 |       ||     1
       Flame Wave        |       |       |     1 |       ||     1
       Irradiate         |       |       |       |     2 ||     2
Invok: Channel Magic     |       |       |       |     1 ||     1
Evoke: Wand              |       |       |       |     4 ||     4
  Use: Scroll            |       |     6 |     5 |     8 ||    19
       Potion            |       |       |     6 |     3 ||     9
 Stab: Sleeping          |       |       |       |     1 ||     1
Armor: Robe              |     2 |     2 |     5 |       ||     9
       Steam dragon scal |       |       |       |    50 ||    50
Dodge: Dodged            |     6 |     1 |    13 |    63 ||    83
Block: Buckler           |       |       |    11 |    69 ||    80
       Reflection        |       |       |     4 |     3 ||     7
